Freya, chaotic female orcish Ranger ----- ---- ---..|.-----..| ------------ -- --........|....-----..........-- --.---- |...............(*.............| |...|.------ --..............--...--........| -.........-- -- -.......-------.--.......-- -.....(...| |........--------.........| --........| | --..............%.......| |...<....-- --.......--.----.--.---- ------>.......| |...........| ---|...| |..------.....| --..........| ---.-- --...--|..*|..-- -....----...| --.^---..%..--.--|..| |.....- ----- |..........h...| ---- |..... --..---..)).@..| ---... ---- |.......-- -... --......| ...-- --.....- --.. ---.... --- --.... ------ Freya the Lookout Experience level: 4 Strength: 17 Dexterity: 13 Constitution: 13 Intelligence: 15 Wisdom: 13 Charisma: 7 Health: 0(43) Energy: 16(16) Def: 3 Gold: 47 Moves: 1533 Dungeon seed: dP6G0aM8-zUgjfWH Game ID: Freya_1615716379 Your Inventory: Coins $ - 47 gold pieces Weapons a - an uncursed very corroded +1 orcish dagger (weapon in hand) b - an uncursed +1 orcish bow (alternate weapon; not wielded) c - 37 uncursed +2 orcish arrows v - an uncursed +0 dagger C - an uncursed +0 arrow (in quiver) Armor e - an uncursed +2 cloak of displacement (being worn) n - an uncursed +0 elven cloak q - a blessed +0 pair of iron shoes r - an uncursed +0 pair of iron shoes y - an uncursed +0 dwarvish cloak z - a cursed -1 leather armor N - an uncursed +0 pair of iron shoes Comestibles E - an uncursed food ration Spellbooks x - an uncursed spellbook of charm monster Wands D - an uncursed wand of sleep (0:5) Tools l - an uncursed lock pick p - an uncursed blindfold B - 3 uncursed wax candles (0:400) Spells and supernatural/magical abilities: Name Level Category Cost Memory W - pray for help -- divine ? -- Your skills at the end: Fighting Skills wands [Basic] Weapon Skills dagger [Basic] bow [Basic] Spellcasting Skills Final Attributes: You were piously aligned. You were immune to poison. You had automatic searching. You had infravision. You were displaced. You last prayed 1 turn ago. Mars was noncommittal. You are dead. Vanquished creatures: a kitten 2 dwarves an acid blob a hobbit a large kobold a green mold 5 gnomes a gecko 4 jackals a fox a kobold 4 grid bugs a bat 2 newts 26 creatures vanquished. Voluntary challenges: You used a wielded weapon 51 times, starting on turn 449. You read items or engraved 2 times, starting on turn 1185. You never genocided any monsters. You never polymorphed an object. You never changed form. You used no wishes. You never split a pudding. You never wrote Elbereth's name. You never violated your personal moral code. Dungeon overview: The Dungeons of Doom: levels 1 to 4 Level 1 some fountains a long staircase Level 2 a hardware shop, a fountain Level 3 a vault stairs to The Gnomish Mines Level 4 The Gnomish Mines: Level 4 <- You were here stairs to The Dungeons of Doom History has recorded: On T:1 you entered the Dungeons of Doom to retrieve the Amulet of Yendor! On T:128 you reached level 2 of The Dungeons of Doom. On T:454 you reached level 3 of The Dungeons of Doom. On T:586 you reached level 1 of The Gnomish Mines. On T:685 you advanced to experience level 2. On T:762 you reached level 4 of The Dungeons of Doom. On T:1067 you advanced to experience level 3. On T:1363 you advanced to experience level 4. Score breakdown: Gold: 47 ( 5719 points) Experience: 4 levels ( 9649 points) Exploration: 4 levels ( 8.51%) ( 7661 points) Discoveries: 5 items ( 1.71%) ( 3918 points) Valuables value: (no points given unless you survive) Artifact value: 0 ( 0 points) Variety of kills: 14 monsters ( 3.68%) ( 5758 points) Turncount: 1533 turns ( 0 points) Survival: died (score multiplied by 80%) Total score: 26164 Latest messages: b - an uncursed +1 orcish bow (alternate weapon; not wielded). You miss the dwarf. You are already wielding your orcish dagger. You hit the dwarf. The dwarf thrusts his broad short sword at you. The dwarf hits! You hit the dwarf. You miss the dwarf. The dwarf thrusts his broad short sword at you. The dwarf hits! You miss the dwarf. (2x) The dwarf thrusts his broad short sword at you. The dwarf hits! You miss the dwarf. You begin praying to Mars. You are surrounded by a shimmering light. The dwarf starts to attack you, but pulls back. (2x) You feel that Mars is well-pleased. [3 turns] You miss the dwarf. (2x) The dwarf thrusts his broad short sword at you. The dwarf hits! You die... For some reason, you think that you can almost hear the Wizard laugh manically... Final status: Goodbye Freya the Ranger, killed by a dwarf... You died in The Gnomish Mines on dungeon level 4 with 26164 points, and 47 pieces of gold, after 1533 moves. You were level 4 with a maximum of 43 hit points when you died.